 Dungeon Crawl Stone Soup version bcrawl-1.40.2 (webtiles) character file.

Game seed: 10201827131572165777

489311 zoran the Dancer (level 16, -1/149 HPs)
             Began as a Hill Orc Spelunker on Nov 16, 2023.
             Was a Follower of Uskayaw.
             Slain by an anaconda (12 damage)
             ... on level 2 of the Snake Pit.
             The game lasted 00:54:35 (26591 turns).

zoran the Dancer (Hill Orc Spelunker)              Turns: 26591, Time: 00:54:35

Health: -1/149     AC: 15    Str: 22    XL:     16   Next: 62%
Magic:  27/27      EV:  4    Int: 14    God:    Uskayaw [*.....]
Gold:   933        SH:  0    Dex: 17    Spells: 22/25 levels left

rFire    . . .     GDR:     37% a - +10 hand axe of Perfectionism {chop, rN++ Int+2 Dex+3}
rCold    + + +     SeeInvis +   (no shield)
rNeg     + + .     Gourm    .   I - +3 ring mail {rC+}
rPois    +         Faith    .   F - +1 hat {SInv}
rElec    +         Spirit   .   R - scarf {clouds}
rCorr    .         Reflect  .   p - +0 pair of gloves
MR       +....                  u - +1 pair of boots of the Ant {Dex+4}
Stlth    ++........             s - amulet of rage
HPRegen  0.34/turn              T - ring of Oluetaczo {+Fly rElec}
MPRegen  0.20/turn              f - ring of Taisof {+Fly rPois rC++}

@: lethally poisoned (-1 -> -65), berserk cooldown, held, slowed, constricted,
very slow
A: no striking features
a: Stomp, Renounce Religion, Evoke Fog, Evoke Berserk Rage, Evoke Flight


You were on level 2 of the Snake Pit.
You worshipped Uskayaw.
Uskayaw was pleased with you.
You were not hungry.

You visited 5 branches of the dungeon, and saw 22 of its levels.
You also visited: Ice Cave.

You collected 2180 gold pieces.
You spent 1247 gold pieces at shops.

Inventory:

Hand Weapons
 a - the +10 hand axe of Perfectionism (weapon) {chop, rN++ Int+2 Dex+3}
   (You took it off an orc wizard on level 4 of the Dungeon)

   It will always inflict at least some extra damage.
   This minimum extra damage increases with your current reserve of magical
   power.
   It affects your intelligence (+2).
   It affects your dexterity (+3).
   It greatly protects you from negative energy.
 q - a +4 scimitar of flaming
 y - a +4 broad axe
 K - a +4 blowgun
Missiles
 L - 189 javelins
 X - 115 poisoned tomahawks (quivered)
 Y - 52 curare-tipped needles
Armour
 c - a +0 medium shield
 p - a +0 pair of gloves (worn)
 u - the +1 pair of boots of the Ant (worn) {Dex+4}
   (You bought it in a shop in the Orcish Mines)

   It affects your dexterity (+4).
 F - a +1 hat of see invisible (worn)
 I - a +3 ring mail of cold resistance (worn)
 R - a scarf of clouds (worn)
Jewellery
 b - an uncursed ring of protection from fire
 f - the ring of Taisof (right hand) {+Fly rPois rC++}
   (You acquired it on level 4 of the Dungeon)

   [ring of flight]

   It greatly protects you from cold.
   It protects you from poison.
   It lets you fly.
 s - an amulet of rage (around neck)
 T - the ring of Oluetaczo (left hand) {+Fly rElec}
   (You took it off an orc priest on level 10 of the Dungeon)

   [ring of flight]

   It insulates you from electricity.
   It lets you fly.
 V - an uncursed amulet of regeneration
 W - an uncursed ring of positive energy
Wands
 d - a wand of digging (17)
 r - a wand of iceblast (19)
 C - a wand of acid (34)
 G - a wand of flame (19)
 J - a wand of paralysis (17)
Scrolls
 k - a scroll of fear
 l - 2 scrolls of fog
 n - 8 scrolls of remove curse
 x - a scroll of vulnerability {unknown}
 E - a scroll of revelation
 M - 4 scrolls of immolation
 O - 4 scrolls of blinking
 P - 3 scrolls of brand weapon {unknown}
 S - 4 scrolls of torment
 U - 2 scrolls of teleportation
Potions
 i - a potion of resistance
 j - 4 potions of flight
 m - a potion of cancellation
 o - 2 potions of mutation
 t - a potion of magic {unknown}
 v - 2 potions of lignification
 w - 2 potions of agility
 z - 10 potions of curing
 A - 3 potions of heal wounds
 B - 3 potions of berserk rage
 H - 2 potions of haste
 N - 2 potions of ambrosia
 Z - a potion of might {unknown}
Miscellaneous
 g - a lamp of fire (inert)
 D - a box of beasts
Comestibles
 e - 39 rations {!d}
 h - 2 chunks of flesh


   Skills:
 - Level 15.0 Fighting
   Level 15.0 Short Blades
   Level 15.0 Long Blades
   Level 15.0 Axes
   Level 15.0 Maces & Flails
   Level 15.0 Polearms
   Level 15.0 Staves
 - Level 10.0 Throwing
 + Level 11.4 Armour
 - Level 5.0 Dodging
 - Level 5.0 Stealth
 + Level 5.5 Shields
   Level 15.0 Unarmed Combat
 - Level 5.0 Spellcasting
 - Level 2.0 Hexes
 - Level 2.0 Transmutations
 - Level 2.0 Earth Magic
 - Level 15.0 Invocations
 - Level 10.0 Evocations


You had 22 spell levels left.
You knew the following spells:

 Your Spells              Type           Power        Failure   Level  Hunger
n - Passwall              Tmut/Erth      #.......     17%         2    None
z - Corona                Hex            #......      11%         1    None

Your spell library contained the following spells:

 Spells                   Type           Power        Failure   Level  Hunger
 Slow                     Hex            #.......     11%         1    None
 Throw Frost              Conj/Ice       #.....       16%         2    None
 Flame Tongue             Conj/Fire      #....        26%         1    None
 Freeze                   Ice            #.....       26%         1    None
 Static Discharge         Air            #.....       26%         1    None
 Sting                    Conj/Pois      #...         26%         1    None
 Ensorcelled Hibernation  Hex/Ice        #.....       26%         2    None
 Confuse                  Hex            #.......     32%         3    ###....
 Tukima's Dance           Hex            #.......     32%         3    ###....
 Corpse Rot               Necr           N/A          36%         2    None
 Flaming Arrows           Chrm/Fire      #.......     36%         2    None
 Poisonous Vapours        Pois/Air       #.....       36%         2    None
 Shock                    Conj/Air       #......      36%         2    None
 Sublimation of Blood     Necr           #.........   36%         2    None
 Swiftness                Chrm/Air       #.......     36%         2    None
 Dazzling Orbs            Conj/Hex       #......      45%         3    ###....
 Inner Flame              Hex/Fire       N/A          45%         3    ###....
 Ignite Poison            Fire/Tmut/Pois #.......     52%         3    ###....
 Conjure Flame            Conj/Fire      #.......     58%         3    ###....
 Mephitic Cloud           Conj/Pois/Air  #.......     58%         3    ###....
 Ozocubu's Armour         Chrm/Ice       #.......     58%         3    ###....
 Cause Fear               Hex            #.........   73%         4    #####..
 Fulminant Prism          Conj/Hex       #.........   86%         4    #####..
 Ice Form                 Ice/Tmut       #.......     86%         4    #####..
 Agony                    Necr           #.......     94%         4    #####..
 Lightning Bolt           Conj/Air       #.......     94%         4    #####..
 Olgreb's Toxic Radiance  Pois           #........    94%         4    #####..
 Sticky Flame             Conj/Fire      #.......     94%         4    #####..
 Summon Ice Beast         Ice/Summ       #.......     94%         4    #####..
 Summon Scorpions         Summ/Pois      #.......     94%         4    #####..
 Throw Icicle             Conj/Ice       #.......     94%         4    #####..
 Metabolic Englaciation   Hex/Ice        #.........   99%         5    ######.
 Bolt of Draining         Conj/Necr      #.........   100%        5    ######.
 Fireball                 Conj/Fire      #.........   100%        5    ######.
 Freezing Cloud           Ice/Air        #.......     100%        5    ######.
 Venom Bolt               Conj/Pois      #.........   100%        5    ######.
 Bolt of Cold             Conj/Ice       #.........   100%        6    #######
 Borgnjor's Vile Clutch   Necr/Erth      #.........   100%        6    #######
 Conjure Ball Lightning   Conj/Air       #.........   100%        6    #######
 Ozocubu's Refrigeration  Ice            #.........   100%        6    #######
 Simulacrum               Ice/Necr       #.......     100%        6    #######
 Orb of Destruction       Conj           #.........   100%        7    #######
 Spellforged Servitor     Conj/Summ      #.........   100%        7    #######


Dungeon Overview and Level Annotations

Branches:
Dungeon (12/12)            Temple (0/1) D:6            Lair (6/6) D:8
  Snake (2/3) Lair:2       Spider (1/3) Lair:4        Slime (0/5) Orc
    Orc (1/1) D:10         Vaults (0/3) D:12         Forest (0/3) Lair:5
 Depths (0/5) D:12

Altars:
Dithmenos
Elyvilon
Hepliaklqana
Kikubaaqudgha
Lugonu
Makhleb
Nemelex Xobeh
Qazlal
Sif Muna
Uskayaw
Xom
Zin
Jiyva

Shops:
D:4 *   Orc [[%![

Annotations:
D:3 Natasha
D:10 3 runed translucent doors, foxfromabyss's ghost, journeyman DgAc
D:12 3 runed translucent doors, yrara's ghost, adept DsFi


Message History

* * * LOW HITPOINT WARNING * * *
You are more poisoned.
The redback poisons you!
You feel much better.
* * * LOW HITPOINT WARNING * * *
You feel extremely sick.
The redback disappears in a puff of smoke!
The black mamba is engulfed in blazing flames.
The black mamba bites you!
* * * LOW HITPOINT WARNING * * *
The anaconda is engulfed in blazing flames.
The anaconda bites you but does no damage.
* * * LOW HITPOINT WARNING * * *
The anaconda constricts you.
The hell rat is engulfed in blazing flames.
You kill the hell rat!
The hell rat's corpse disappears in a puff of smoke!
The anaconda is engulfed in blazing flames.
The anaconda bites you!
You die...

###.....### ..........### .#
....).......# .####.###
.....).....### ##.......#....
.............###....N.s......
...)..........#...r..........
...).÷.......#......§§§.°....
...))<.....##..§ss§§...§.....
†...).....###...@S§§..§§.....
........### #....S§§§§§§.....
....##### #..)...§.§§......
##### #.......§........
#................
#.....).......##.
##...........## ##..........#
##..........#


You could see an anaconda, a naga ritualist, a black mamba, 3 jumping spiders
and a hell rat.

Vanquished Creatures
  Gastronok (D:9)
  A nagaraja (Snake:1)
  5 dire elephants
  An ice dragon (D:11)
  Fannar (Lair:1)
  4 naga warriors
  Erolcha (D:10)
  9 hydras
  Erica (Lair:1)
  3 anacondas
  2 tengu warriors (D:11)
  2 two-headed ogres
  2 orc high priests (Orc)
  9 death yaks
  3 naga sharpshooters
  2 shock serpents (Snake:1)
  3 centaur warriors
  A spectral anaconda (Lair:6)
  2 salamander mystics (Snake:2)
  3 unseen horrors
  4 naga ritualists
  Pikel (D:5)
  An obsidian statue (Lair:6)
  2 harpies (shapeshifter)
  5 necromancers
  5 wolf spider zombies
  4 mana vipers
  2 orc sorcerers (Orc)
  5 cyclopes
  3 wolf spiders (Spider:1)
  An ugly thing (D:11)
  A naga mage (Snake:1)
  A manticore (D:12)
  2 salamanders
  A deep elf mage (D:12)
  8 elephants (Lair:6)
  21 black mambas
  An ice statue (IceCv)
  A guardian serpent (Snake:1)
  A gargoyle (D:9)
  9 cane toads
  4 komodo dragons
  An eye of draining (D:12)
  2 hellwings (D:7)
  2 efreet
  8 freezing wraiths (IceCv)
  A meliai (shapeshifter) (D:12)
  12 trolls
  A queen bee (Lair:3)
  Grinder (D:3)
  2 hornets
  3 polar bears (D:11)
  2 spectral elephants (Lair:6)
  4 dream sheep (Lair:6)
  3 hippogriffs
  2 meliai zombies
  5 slime creatures
  3 harpy skeletons
  12 blink frogs
  A tarantella (shapeshifter) (D:12)
  A tarantella (Spider:1)
  3 wyverns
  A dire elephant simulacrum (Lair:6)
  4 basilisks
  48 yaks
  3 hungry ghosts
  2 death yak simulacra (Lair:6)
  3 spectral cane toads (Lair:6)
  2 wargs
  A steam dragon (Lair:6)
  15 nagas
  An acid dragon (D:11)
  Edmund (D:6)
  14 water moccasins
  9 crocodiles
  17 orc warriors
  16 porcupines
  A hornet zombie (D:7)
  2 sky beasts
  2 slaves (D:5)
  6 ice beasts (IceCv)
  2 soldier ants
  A black bear (D:8)
  An alligator simulacrum (IceCv)
  3 elephant skeletons (Lair:6)
  A necrophage (D:8)
  5 ogres
  An elephant zombie (Lair:6)
  2 phantoms
  6 wolves (Lair:1)
  9 bullfrogs
  3 kobold brigands
  3 cane toad simulacra (Lair:6)
  7 centaurs
  5 scorpions
  2 water moccasin skeletons
  3 elephant simulacra
  36 killer bees
  3 howler monkeys
  7 wights
  An electric eel (Lair:1)
  20 orc priests
  7 crimson imps
  A bullfrog zombie (D:7)
  7 hounds
  5 jellies
  Crazy Yiuf (D:7)
  A bullfrog skeleton (D:7)
  27 orc wizards
  Jessica (D:2)
  Terence (D:3)
  2 iguanas
  Natasha (D:3)
  A polar bear simulacrum (IceCv)
  11 worker ants
  7 hell rats (Lair:6)
  6 troll simulacra (IceCv)
  A wolf simulacrum (IceCv)
  A killer bee zombie (D:8)
  3 hound zombies
  4 gnolls (Orc)
  13 adders
  2 ogre simulacra (IceCv)
  6 shadow imps
  6 white imps (IceCv)
  4 centaur simulacra (IceCv)
  8 oozes
  An adder zombie (D:5)
  2 adder skeletons
  A worm (D:4)
  2 dart slugs
  3 leopard geckos
  81 orcs
  3 giant cockroaches
  12 goblins
  19 hobgoblins
  A jackal (D:1)
  7 quokkas
  2 ball pythons
  4 bats
  5 frilled lizards
  22 kobolds
  5 rats
  A bush (Lair:6)
  4 fungi
  A plant (Lair:5)
  7 withered plants
787 creatures vanquished.

Vanquished Creatures (others)
  An orc warlord (Orc)
  2 orc sorcerers (Orc)
  A cane toad (Lair:6)
  2 freezing wraiths (IceCv)
  A naga (Snake:1)
  2 wargs (Orc)
  3 orc warriors (Orc)
  3 orc priests (Orc)
  A draconian simulacrum (IceCv)
  6 orc wizards
  2 troll simulacra (IceCv)
  A spriggan simulacrum (IceCv)
  2 naga simulacra (IceCv)
  2 ogre simulacra (IceCv)
  6 white imps (IceCv)
  5 orcs (Orc)
  8 fungi
  7 plants
  11 withered plants
66 creatures vanquished.

Grand Total: 853 creatures vanquished

Notes
Turn   | Place    | Note
-------+----------+-------------------------------------------
     0 | D:1      | zoran the Hill Orc Spelunker began the quest for the Orb.
     0 | D:1      | Reached XP level 1. HP: 18/18 MP: 3/3
   168 | D:1      | Reached XP level 2. HP: 21/25 MP: 1/5
   345 | D:1      | Reached skill level 1 in Throwing
   451 | D:1      | Reached XP level 3. HP: 30/30 MP: 6/6
  1152 | D:2      | Got a brightly glowing lead amulet
  1291 | D:2      | Reached XP level 4. HP: 36/37 MP: 7/7
  1367 | D:2      | Noticed Jessica
  1388 | D:2      | Killed Jessica
  1949 | D:2      | Found a faded altar of an unknown god.
  2309 | D:3      | Noticed Natasha
  2330 | D:3      | Reached XP level 5. HP: 33/46 MP: 5/8
  2333 | D:3      | Killed Natasha
  2631 | D:3      | Noticed Terence
  2686 | D:3      | Killed Terence
  2787 | D:3      | Found a hide-covered altar of Uskayaw.
  2794 | D:3      | Became a worshipper of Uskayaw the Reveler
  2967 | D:3      | Reached * piety under Uskayaw
  3039 | D:3      | Noticed Natasha
  3073 | D:3      | Noticed Grinder
  3075 | D:3      | Reached ** piety under Uskayaw
  3079 | D:3      | Paralysed by Grinder for 2 turns
  3086 | D:3      | Killed Grinder
  3087 | D:3      | Reached skill level 5 in Fighting
  3087 | D:3      | Reached skill level 1 in Armour
  3087 | D:3      | Reached skill level 1 in Invocations
  3087 | D:3      | Reached XP level 6. HP: 36/56 MP: 9/9
  3182 | D:3      | Found a corrupted altar of Lugonu.
  3266 | D:4      | Found a shimmering altar of Xom.
  3475 | D:4      | Reached XP level 7. HP: 29/61 MP: 10/10
  3597 | D:4      | Reached *** piety under Uskayaw
  4107 | D:4      | Found Duidixep's General Store.
  4112 | D:4      | Bought a scroll of identify for 24 gold pieces
  4159 | D:4      | Identified the cursed amulet "Lyawn" {Inacc rPois} (You
                  | found it on level 2 of the Dungeon)
  4528 | D:4      | Identified the +10 hand axe of Perfectionism {chop, rN++
                  | Int+2 Dex+3}
  4674 | D:5      | Entered Level 5 of the Dungeon
  4962 | D:5      | Reached XP level 8. HP: 69/69 MP: 11/11
  5519 | D:6      | Reached skill level 5 in Invocations
  5637 | D:6      | Noticed Pikel
  5763 | D:5      | Reached **** piety under Uskayaw
  5764 | D:5      | Killed Pikel
  5764 | D:5      | Reached ***** piety under Uskayaw
  5765 | D:5      | Reached skill level 5 in Stealth
  5765 | D:5      | Reached skill level 5 in Evocations
  5765 | D:5      | Reached XP level 9. HP: 75/78 MP: 12/12
  5898 | D:6      | Found a staircase to the Ecumenical Temple.
  5927 | D:6      | Noticed Edmund
  5935 | D:6      | Killed Edmund
  6386 | D:7      | Noticed a troll
  6392 | D:7      | Killed a troll
  6474 | D:6      | Reached skill level 5 in Armour
  6591 | D:7      | Noticed a hellwing
  6598 | D:7      | Noticed a troll
  6604 | D:7      | Noticed a hellwing
  6608 | D:7      | Killed a hellwing
  6609 | D:7      | Killed a hellwing
  6609 | D:7      | Killed a troll
  6610 | D:7      | Reached XP level 10. HP: 75/90 MP: 13/13
  6751 | D:7      | Reached skill level 5 in Throwing
  7080 | D:7      | Reached skill level 10 in Fighting
  7422 | D:7      | Found a runed door.
  7522 | D:8      | Noticed a centaur warrior
  7666 | D:7      | Noticed Crazy Yiuf
  7671 | D:7      | Killed Crazy Yiuf
  7709 | D:8      | Killed a centaur warrior
  7710 | D:8      | Reached XP level 11. HP: 76/101 MP: 14/14
  7818 | D:8      | Noticed a two-headed ogre
  8070 | D:8      | Found an ancient bone altar of Kikubaaqudgha.
  8137 | D:8      | Found a staircase to the Lair.
  8961 | D:8      | Killed a two-headed ogre
  9069 | Lair:1   | Entered Level 1 of the Lair of Beasts
  9726 | Lair:1   | Noticed Erica
  9736 | Lair:1   | Killed Erica
  9858 | Lair:1   | Noticed Fannar
  9867 | Lair:1   | Killed Fannar
  9868 | Lair:1   | Reached XP level 12. HP: 115/115 MP: 15/15
 10318 | Lair:2   | Found a staircase to the Snake Pit.
 12906 | Lair:4   | Reached XP level 13. HP: 115/124 MP: 16/16
 12926 | Lair:4   | Found a hole to the Spider Nest.
 13011 | Lair:4   | Got a slimy robe
 13296 | Lair:4   | Reached skill level 10 in Throwing
 13628 | Lair:5   | Reached skill level 1 in Dodging
 14216 | Lair:5   | Found a staircase to the Spriggan Forest.
 14807 | Lair:6   | Entered Level 6 of the Lair of Beasts
 15058 | Lair:6   | Noticed a dire elephant
 15058 | Lair:6   | Noticed a dire elephant
 15062 | Lair:6   | Noticed a dire elephant
 15104 | Lair:6   | Reached ****** piety under Uskayaw
 15268 | Lair:6   | Reached XP level 14. HP: 132/132 MP: 20/20
 15274 | Lair:6   | Reached skill level 5 in Dodging
 15923 | Lair:6   | Identified the cursed +0 robe of the Constellations {Int+2}
                  | (You found it on level 4 of the Lair of Beasts)
 16129 | D:9      | Reached skill level 10 in Invocations
 16206 | D:9      | Found a sparkling altar of Nemelex Xobeh.
 16520 | D:9      | Found a glowing silver altar of Zin.
 16606 | D:9      | Found a stormy altar of Qazlal.
 16616 | D:9      | Found a white marble altar of Elyvilon.
 16618 | D:9      | Found a shadowy altar of Dithmenos.
 16618 | D:9      | Found a shimmering blue altar of Sif Muna.
 16643 | D:9      | Found a faded altar of an unknown god.
 16645 | D:9      | Noticed Gastronok
 16653 | D:9      | Found a hazy altar of Hepliaklqana.
 16653 | D:9      | Found a faded altar of an unknown god.
 16666 | D:9      | Killed Gastronok
 17282 | D:10     | Entered Level 10 of the Dungeon
 17391 | D:10     | Noticed Erolcha
 17402 | D:10     | Killed Erolcha
 17403 | D:10     | Reached skill level 10 in Evocations
 17433 | D:10     | Found a runed translucent gate.
 17434 | D:10     | Found a runed translucent gate.
 17435 | D:10     | Found a runed translucent gate.
 17566 | D:10     | Noticed foxfromabyss's ghost (journeyman DgAc)
 17572 | D:10     | Found a viscous altar of Jiyva.
 17642 | D:10     | Found a staircase to the Orcish Mines.
 18048 | D:10     | Identified the ring of Oluetaczo {+Fly rElec}
 18831 | D:11     | Found a frozen archway.
 18895 | IceCv    | Entered an ice cave
 19282 | IceCv    | Found an ancient bone altar of Kikubaaqudgha.
 19945 | D:11     | Reached XP level 15. HP: 79/138 MP: 25/25
 20305 | D:12     | Entered Level 12 of the Dungeon
 20538 | D:12     | Reached skill level 15 in Invocations
 20687 | D:12     | Found a runed translucent gate.
 20687 | D:12     | Found a runed translucent gate.
 20687 | D:12     | Found a runed translucent gate.
 20688 | D:12     | Noticed yrara's ghost (adept DsFi)
 20725 | D:12     | Found a gate to the Vaults.
 21495 | D:12     | Found a staircase to the Depths.
 21631 | Orc      | Entered the Orcish Mines
 21631 | Orc      | Found Raucvaen's Armour Shop.
 21631 | Orc      | Noticed an orc warlord
 21636 | Orc      | Killed an orc warlord
 21754 | Orc      | Found a staircase to the Slime Pits.
 22371 | Orc      | Found a viscous altar of Jiyva.
 22487 | Orc      | Found a burning altar of Makhleb.
 22990 | Orc      | Reached skill level 10 in Armour
 23096 | Orc      | Found Seneruewk's Food Shop.
 23096 | Orc      | Found Kabbeis's Antique Armour Shop.
 23097 | Orc      | Found Yvomuuxe's Distillery.
 23101 | Orc      | Found Qasawoum's Armour Boutique.
 23108 | Orc      | Bought a potion of lignification for 33 gold pieces
 23108 | Orc      | Bought a potion of resistance for 110 gold pieces
 23108 | Orc      | Bought a potion of haste for 110 gold pieces
 23110 | Orc      | Bought a pair of faintly humming boots for 256 gold pieces
 23120 | Orc      | Identified the +1 pair of boots of the Ant {Dex+4} (You
                  | bought it in a shop in the Orcish Mines)
 23549 | D:4      | Bought a scroll of acquirement for 624 gold pieces
 23549 | D:4      | Bought a scroll of enchant weapon for 90 gold pieces
 23549 | D:4      | Identified the ring of Taisof {+Fly rPois rC++} (You
                  | acquired it on level 4 of the Dungeon)
 24637 | Lair:6   | Reached XP level 16. HP: 105/147 MP: 27/27
 24800 | Lair:6   | Reached skill level 15 in Fighting
 24953 | Spider:1 | Entered Level 1 of the Spider Nest
 25182 | Snake:1  | Entered Level 1 of the Snake Pit
 25275 | Snake:1  | Reached skill level 1 in Shields
 25874 | Snake:1  | Noticed a nagaraja
 25897 | Snake:1  | Killed a nagaraja
 26485 | Snake:2  | Reached skill level 5 in Spellcasting
 26486 | Snake:2  | Reached skill level 5 in Shields
 26590 | Snake:2  | HP: 5/149 [redback[a naga ritualist] (3)]
 26591 | Snake:2  | Slain by an anaconda

Skill      XL: |  1  2  3  4  5  6  7  8  9 10 11 12 13 14 15 16 |
---------------+-------------------------------------------------+-----
Throwing       | 1 2 4 5 9 10 | 10.0
Stealth        | 3 4 5 |  5.0
Transmutations | 2 |  2.0
Fighting       | 3 5 6 8 10 13 14 15 | 15.0
Armour         | 1 2 5 10 11 | 11.4
Invocations    | 1 3 5 9 14 15 | 15.0
Evocations     | 3 5 7 10 | 10.0
Dodging        | 4 5 |  5.0
Shields        | 5 |  5.5
Spellcasting   | 5 |  5.0
Short Blades   | | 15.0
Long Blades    | | 15.0
Axes           | | 15.0
Maces & Flails | | 15.0
Polearms       | | 15.0
Staves         | | 15.0
Unarmed Combat | | 15.0
Hexes          | |  2.0
Earth Magic    | |  2.0

Action                   |  1- 3 |  4- 6 |  7- 9 | 10-12 | 13-15 | 16-18 || total
-------------------------+-------+-------+-------+-------+-------+-------++-------
Melee: Dagger            |   105 |   151 |       |       |       |       ||   256
       Punch             |       |     4 |     5 |    24 |    60 |    25 ||   118
       Falchion          |       |    73 |    83 |       |       |       ||   156
       Hand axe          |       |       |   150 |   479 |   902 |   189 ||  1720
       Scimitar          |       |       |       |       |    63 |       ||    63
Throw: Stone             |       |     6 |     8 |    13 |       |       ||    27
       Javelin           |       |       |       |    14 |     3 |       ||    17
       Tomahawk          |       |       |       |    28 |   103 |    29 ||   160
 Cast: Corona            |    22 |    23 |       |       |       |       ||    45
Invok: Stomp             |       |       |     2 |     1 |     1 |       ||     4
       Grand Finale      |       |       |       |       |     2 |       ||     2
 Abil: Evoke Berserk Rag |       |       |     6 |    11 |    20 |     6 ||    43
       Lunge             |       |       |     3 |    14 |    25 |     7 ||    49
Evoke: Lamp of fire      |     1 |       |     1 |     2 |     1 |     2 ||     7
       Wand              |       |     3 |     3 |     9 |     7 |     1 ||    23
  Use: Scroll            |     1 |     4 |     5 |     9 |    17 |     2 ||    38
       Potion            |       |     1 |       |     1 |     1 |     1 ||     4
 Stab: Sleeping          |     9 |     9 |    10 |    13 |    21 |       ||    62
       Paralysed         |       |       |     6 |    16 |    60 |    16 ||    98
       Distracted        |       |       |     1 |       |     1 |     1 ||     3
  Eat: Chunk             |     4 |    12 |    21 |    40 |    46 |     9 ||   132
       Ration            |       |       |       |     1 |     7 |     2 ||    10
Armor: Leather armour    |    32 |    62 |       |       |       |       ||    94
       Ring mail         |       |    10 |    93 |   155 |   273 |    83 ||   614
Dodge: Dodged            |    40 |    90 |   115 |   177 |   425 |   125 ||   972
Block: Other             |       |     1 |     1 |       |     5 |       ||     7
